Little Stars vs Blackdemons
Created - October 27, 2018 at 22:48
Goals
|
| Little Stars |
1 |
2 |
1 |
4 |
| Blackdemons |
2 |
2 |
1 |
5 |
|
Shots
|
| Little Stars |
6 |
17 |
9 |
32 |
| Blackdemons |
13 |
19 |
7 |
39 |
|
1st period
1. Little Stars , Cam Atkinson 8 (Shawn Matthias 3, Jordie Benn 3) at 1:27 (PP)
2. Blackdemons , Martin Hanzal 4 (Nathan Paetsch 2, Alexei Morozov 5) at 2:46
3. Blackdemons , Alexandre Grenier 4 (Keaton Ellerby 2, Patrice Cormier 7) at 5:04
Penalties :
Ladislav Nagy (MJM) for Interference (Minor) at 1:15, Alexandre Grenier (MJM) for Unsportsmanlike conduct (Minor) at 11:13, Jesse Joensuu (Tex) for Hooking (Minor) at 17:08
2nd period
4. Blackdemons , Nathan Paetsch 1 (Mathew Dumba 3) at 1:18 (PP)
5. Little Stars , Shawn Matthias 2 (Brian Flynn 8, Cam Atkinson 1) at 1:44
6. Blackdemons , Max Friberg 4 (Keaton Ellerby 3) at 2:33
7. Little Stars , Cam Atkinson 9 (Shawn Matthias 4, Brian Flynn 9) at 7:56
Penalties :
Jordie Benn (Tex) for Interference (Minor) at 0:43
3rd period
8. Blackdemons , Scott Timmins 4 (Zachary Sanford 3, Nathan Paetsch 3) at 4:20
9. Little Stars , Jesse Joensuu 4 (Dana Tyrell 3, Zach Budish 1) at 19:14
Penalties :
Zach Budish (Tex) for Tripping (Minor) at 2:09, Zach Budish (Tex) for Goalie Interference (Minor) at 4:37, Cam Atkinson (Tex) for Hooking (Minor) at 10:24, Tucker Poolman (Tex) for Goalie Interference (Minor) at 12:33
Goalie Stats
Anthony Stolarz (Tex), 23 saves from 24 shots - (0.958), L, 0-1-0, 36:48 minutes
Peter Delmas (Tex), 11 saves from 15 shots - (0.733), 22:33 minutes
Laurent Brossoit (MJM), 28 saves from 32 shots - (0.875), W, 1-1-0, 60:00 minutes
Players Stats for Little Stars
Player Name G A P +/- PIM S H SB GA TA FO MP PP MP PK MP
------------------------------------------------------------------------------------
Alexander Vasyunov 0 0 0 -3 0 0 0 0 0 0 0/0 9:39 0:00 0:00
Andrej Sustr 0 0 0 1 0 0 1 2 1 0 0/0 23:19 0:47 6:42
Brian Flynn 0 2 2 1 0 4 0 1 1 0 9/23 19:27 1:16 2:19
Cam Atkinson 2 1 3 1 2 9 3 0 0 0 2/2 22:46 1:16 4:59
Dana Tyrell 0 1 1 1 0 1 1 1 1 0 6/10 18:23 0:55 2:37
Daniel O'regan 0 0 0 0 0 1 0 0 0 0 3/5 7:00 0:00 0:43
Emile Poirier 0 0 0 0 0 0 0 0 0 0 0/0 0:31 0:01 0:23
Jason Dickinson 0 0 0 0 0 0 0 0 0 0 0/0 0:08 0:01 0:00
Jesse Joensuu 1 0 1 1 2 6 2 0 0 0 1/1 16:04 0:54 0:00
Jordie Benn 0 1 1 -3 2 1 1 0 0 1 0/0 19:37 1:24 3:48
Justin Auger 0 0 0 0 0 1 1 0 0 0 0/0 6:17 0:00 0:00
Mathieu Perreault 0 0 0 -3 0 0 0 2 0 0 3/8 11:39 0:00 1:59
Michael Mersch 0 0 0 0 0 0 0 0 0 0 0/0 8:23 0:00 2:06
Phil Oreskovic 0 0 0 1 0 2 1 3 0 1 0/0 25:58 0:47 6:42
Reece Willcox 0 0 0 0 0 0 0 0 0 0 0/0 3:16 0:00 0:00
Scott Kosmachuck 0 0 0 -3 0 1 1 0 0 0 0/0 9:39 0:00 0:00
Shawn Matthias 1 2 3 1 0 5 2 0 0 1 8/10 23:42 1:16 5:54
Tucker Poolman 0 0 0 1 2 0 1 0 0 1 0/0 13:54 0:00 0:00
Tyler Wotherspoon 0 0 0 1 0 1 0 3 1 0 0/0 14:24 0:00 0:00
Tyson Barrie 0 0 0 -3 0 0 0 1 0 0 0/0 19:38 1:24 3:48
Zach Budish 0 1 1 1 4 0 1 1 0 0 0/0 15:40 0:54 0:00
Players Stats for Blackdemons
Player Name G A P +/- PIM S H SB GA TA FO MP PP MP PK MP
------------------------------------------------------------------------------------
Alexandre Grenier 1 0 1 0 2 2 0 0 0 1 2/2 14:38 0:15 0:00
Alexei Morozov 0 1 1 -1 0 2 2 2 1 0 0/1 22:54 5:07 1:12
Blake Pietila 0 0 0 -1 0 1 1 1 0 0 0/0 21:30 5:04 0:32
Brett Kulak 0 0 0 -1 0 0 1 1 0 1 0/0 9:15 0:00 0:00
Hudson Fasching 0 0 0 0 0 0 0 0 0 0 0/0 11:32 5:00 0:00
Jeffrey Foss 0 0 0 0 0 0 0 2 0 1 0/0 7:27 0:00 0:56
Keaton Ellerby 0 2 2 2 0 2 1 2 0 0 0/0 21:14 5:35 1:15
Kyle Rau 0 0 0 0 0 1 0 0 0 0 2/4 7:26 0:00 0:41
Ladislav Nagy 0 0 0 0 2 3 1 1 0 1 0/0 12:33 5:00 0:00
Martin Hanzal 1 0 1 -1 0 10 5 1 1 0 13/26 21:17 5:08 0:00
Mathew Dumba 0 1 1 0 0 3 0 0 0 0 0/0 22:04 4:55 0:00
Max Friberg 1 0 1 2 0 4 1 0 0 0 0/0 10:25 0:26 0:00
Nathan Paetsch 1 2 3 0 0 1 3 3 1 0 0/0 22:49 4:55 0:00
Patrice Cormier 0 1 1 0 0 4 0 0 0 0 7/18 20:17 5:07 1:12
Roman Josi 0 0 0 2 0 4 0 0 0 0 0/0 20:29 5:35 1:15
Scott Timmins 1 0 1 2 0 1 0 0 0 0 3/8 10:50 0:23 0:18
Sergei Plotnikov 0 0 0 0 0 0 3 0 1 0 0/0 14:49 0:00 0:27
Tommy Vannelli 0 0 0 0 0 0 0 0 0 0 0/0 6:00 0:00 0:00
Yannick Weber 0 0 0 -1 0 0 3 1 0 0 0/0 10:42 0:00 0:56
Zachary Sanford 0 1 1 2 0 1 0 0 0 0 0/0 9:36 0:00 0:00
3 Stars
1 - Cam Atkinson (Tex)
2 - Nathan Paetsch (MJM)
3 - Shawn Matthias (Tex)
Power Play
Little Stars - 1 on 2 Attempt(s) - 50.00%
Blackdemons - 1 on 6 Attempt(s) - 16.67%
Penalty Kill
Little Stars - 5 on 6 Attempt(s) - 83.33%
- Score 0 goal in Penalty Kill
Blackdemons - 1 on 2 Attempt(s) - 50.00%
- Score 0 goal in Penalty Kill
Team Stat
Little Stars - Hits : 15 - Faceoff Wins : 32 - Blocked Shots : 14 - Penalty Minutes : 12
Blackdemons - Hits : 21 - Faceoff Wins : 27 - Blocked Shots : 14 - Penalty Minutes : 4
Official
Referees : Unknown
Linesman : Unknown
Game Notes
Anthony Stolarz enters game at 2:33 of 2nd period
Finance
Level 1 -- Attendance: 1570 (78.50%) -- Ticket Income $62,800
Level 2 -- Attendance: 692 (69.20%) -- Ticket Income $13,840
Total Attendance: 2262 (75.40%)
Total Ticket Income: $76,640
Other Income: $3,832
Total Income: $80,472
Little Stars
5 vs 5 Forward
Center Left Wing Right Wing Time % Phy DF OF
1 Brian Flynn Shawn Matthias Cam Atkinson 40 1 2 2
2 Dana Tyrell Jesse Joensuu Zach Budish 30 1 2 2
3 Mathieu Perreault Alexander Vasyunov Scott Kosmachuck 20 1 2 2
4 Daniel O'regan Michael Mersch Justin Auger 10 1 2 2
5 vs 5 Defense
Defense Defense Time % Phy DF OF
1 Phil Oreskovic Andrej Sustr 40 1 2 2
2 Tyson Barrie Jordie Benn 30 1 2 2
3 Tyler Wotherspoon Tucker Poolman 20 1 2 2
4 Reece Willcox Phil Oreskovic 10 1 2 2
PowerPlay Forward
Center Left Wing Right Wing Time % Phy DF OF
1 Brian Flynn Shawn Matthias Cam Atkinson 60 1 2 2
2 Dana Tyrell Jesse Joensuu Zach Budish 40 1 2 2
PowerPlay Defense
Defense Defense Time % Phy DF OF
1 Phil Oreskovic Andrej Sustr 60 1 2 2
2 Tyson Barrie Jordie Benn 40 1 2 2
Penalty Kill 4 Players Forward
Center Wing Time % Phy DF OF
1 Shawn Matthias Cam Atkinson 60 1 2 2
2 Brian Flynn Dana Tyrell 40 1 2 2
Penalty Kill 4 Players Defense
Defense Defense Time % Phy DF OF
1 Phil Oreskovic Andrej Sustr 60 1 2 2
2 Tyson Barrie Jordie Benn 40 1 2 2
Penalty Kill - 3 Players Forward
Forward Time % Phy DF OF
1 Shawn Matthias 60 1 2 2
2 Cam Atkinson 40 1 2 2
Penalty Kill - 3 Players Defense
Defense Defense Time % Phy DF OF
1 Phil Oreskovic Andrej Sustr 60 1 2 2
2 Tyson Barrie Jordie Benn 40 1 2 2
4 vs 4 Forward
Center Wing Time % Phy DF OF
1 Shawn Matthias Cam Atkinson 60 1 2 2
2 Brian Flynn Dana Tyrell 40 1 2 2
4 vs 4 Defense
Defense Defense Time % Phy DF OF
1 Phil Oreskovic Andrej Sustr 60 1 2 2
2 Tyson Barrie Jordie Benn 40 1 2 2
Last Minutes Offensive
Center Left Wing Right Wing Defense Defense
Brian Flynn Shawn Matthias Cam Atkinson Phil Oreskovic Andrej Sustr
Last Minutes Defensive
Center Left Wing Right Wing Defense Defense
Brian Flynn Shawn Matthias Cam Atkinson Phil Oreskovic Andrej Sustr
Goaltenders
Starting : Peter Delmas
Backup : Anthony Stolarz
Extra Forwards
Normal : Emile Poirier, Jason Dickinson, Mathieu Perreault - PP : Emile Poirier, Jason Dickinson - PK : Mathieu Perreault
Extra Defensemen
Normal : Tyler Wotherspoon, Tucker Poolman, Reece Willcox - PP : Tyler Wotherspoon - PK : Tucker Poolman, Reece Willcox
Penalty Shots
Shawn Matthias, Cam Atkinson, Brian Flynn, Dana Tyrell, Jesse Joensuu
Scratches
Ville Pokka (Healthy), Spencer Martin (Healthy)
Blackdemons
5 vs 5 Forward
Center Left Wing Right Wing Time % Phy DF OF
1 Martin Hanzal Blake Pietila Alexei Morozov 40 0 1 4
2 Patrice Cormier Sergei Plotnikov Alexandre Grenier 35 0 1 3
3 Scott Timmins Zachary Sanford Max Friberg 15 0 2 3
4 Kyle Rau Ladislav Nagy Hudson Fasching 10 0 2 3
5 vs 5 Defense
Defense Defense Time % Phy DF OF
1 Nathan Paetsch Mathew Dumba 36 0 4 1
2 Keaton Ellerby Roman Josi 32 0 4 1
3 Yannick Weber Brett Kulak 22 0 5 0
4 Jeffrey Foss Tommy Vannelli 10 0 5 0
PowerPlay Forward
Center Left Wing Right Wing Time % Phy DF OF
1 Patrice Cormier Blake Pietila Alexei Morozov 50 0 0 5
2 Martin Hanzal Ladislav Nagy Hudson Fasching 50 0 0 5
PowerPlay Defense
Defense Defense Time % Phy DF OF
1 Nathan Paetsch Mathew Dumba 50 0 1 4
2 Keaton Ellerby Roman Josi 50 0 1 4
Penalty Kill 4 Players Forward
Center Wing Time % Phy DF OF
1 Patrice Cormier Alexei Morozov 60 0 5 0
2 Kyle Rau Alexandre Grenier 40 0 5 0
Penalty Kill 4 Players Defense
Defense Defense Time % Phy DF OF
1 Keaton Ellerby Roman Josi 60 0 5 0
2 Yannick Weber Jeffrey Foss 40 0 5 0
Penalty Kill - 3 Players Forward
Forward Time % Phy DF OF
1 Alexei Morozov 60 0 5 0
2 Martin Hanzal 40 0 5 0
Penalty Kill - 3 Players Defense
Defense Defense Time % Phy DF OF
1 Nathan Paetsch Keaton Ellerby 60 0 5 0
2 Jeffrey Foss Roman Josi 40 0 5 0
4 vs 4 Forward
Center Wing Time % Phy DF OF
1 Alexei Morozov Martin Hanzal 50 1 2 2
2 Ladislav Nagy Patrice Cormier 50 1 2 2
4 vs 4 Defense
Defense Defense Time % Phy DF OF
1 Mathew Dumba Keaton Ellerby 50 1 2 2
2 Yannick Weber Nathan Paetsch 50 1 2 2
Last Minutes Offensive
Center Left Wing Right Wing Defense Defense
Martin Hanzal Ladislav Nagy Alexei Morozov Nathan Paetsch Keaton Ellerby
Last Minutes Defensive
Center Left Wing Right Wing Defense Defense
Martin Hanzal Ladislav Nagy Alexei Morozov Nathan Paetsch Keaton Ellerby
Goaltenders
Starting : Laurent Brossoit
Backup : Matt Hackett
Extra Forwards
Normal : Max Friberg, Scott Timmins, Blake Pietila - PP : Max Friberg, Scott Timmins - PK : Blake Pietila
Extra Defensemen
Normal : Yannick Weber, Roman Josi, Jeffrey Foss - PP : Yannick Weber - PK : Roman Josi, Jeffrey Foss
Penalty Shots
Alexei Morozov, Martin Hanzal, Ladislav Nagy, Sergei Plotnikov, Zachary Sanford
Scratches
Colin Smith (Healthy), Charles-Olivier Roussel (Healthy), Klas Dahlbeck (Healthy), Remi Elie (Healthy), Jyrki Jokipakka (Healthy)
Mackenzie MacEachern (Healthy), Artturi Lehkonen (Healthy), Ben Maxwell (Healthy), Nicolas Deschamps (Healthy), Angelo Esposito (Healthy)
Jacob Lagacé (Healthy), James Livingstone (Healthy), Ebbe Siönäs (Healthy), Sami Aittokallio (Healthy), Jeremy Smith (Healthy)
% Time on Ice - Little Stars
Lines # - Real PCT - Wanted PCT - Time Play
Normal Forward
1 - 34% - 40% - 15:47
2 - 32% - 30% - 14:51
3 - 21% - 20% - 9:39
4 - 13% - 10% - 6:17
Normal Defense
1 - 32% - 40% - 15:05
2 - 31% - 30% - 14:26
3 - 30% - 20% - 13:47
4 - 7% - 10% - 3:16
PP Forward
1 - 58% - 60% - 1:16
2 - 42% - 40% - 0:55
PP Defense
1 - 36% - 60% - 0:47
2 - 64% - 40% - 1:24
PK Forward
1 - 78% - 60% - 8:11
2 - 22% - 40% - 2:19
PK Defense
1 - 64% - 60% - 6:42
2 - 36% - 40% - 3:48
PK3 Forward
1 - 0% - 60%
2 - 0% - 40%
PK3 Defense
1 - 0% - 60%
2 - 0% - 40%
44 Forward
1 - 0% - 60%
2 - 0% - 40%
44 Defense
1 - 0% - 60%
2 - 0% - 40%
Last Minute Offensive - 0:45
Last Minute Defensive - 0:00
Total
Forward - 60:00
Defense - 60:00
|
% Time on Ice - Blackdemons
Lines # - Real PCT - Wanted PCT - Time Play
Normal Forward
1 - 34% - 40% - 15:38
2 - 32% - 35% - 14:52
3 - 21% - 15% - 9:36
4 - 14% - 10% - 6:28
Normal Defense
1 - 37% - 36% - 17:09
2 - 30% - 32% - 14:10
3 - 20% - 22% - 9:15
4 - 13% - 10% - 6:00
PP Forward
1 - 49% - 50% - 5:07
2 - 51% - 50% - 5:23
PP Defense
1 - 47% - 50% - 4:55
2 - 53% - 50% - 5:35
PK Forward
1 - 69% - 60% - 1:30
2 - 31% - 40% - 0:41
PK Defense
1 - 57% - 60% - 1:15
2 - 43% - 40% - 0:56
PK3 Forward
1 - 0% - 60%
2 - 0% - 40%
PK3 Defense
1 - 0% - 60%
2 - 0% - 40%
44 Forward
1 - 0% - 50%
2 - 0% - 50%
44 Defense
1 - 0% - 50%
2 - 0% - 50%
Last Minute Offensive - 0:00
Last Minute Defensive - 0:45
Total
Forward - 60:00
Defense - 60:00
|
Play by Play
1st period
0:01 of 1st period - Martin Hanzal wins face-off versus Brian Flynn in neutral zone.
0:12 of 1st period - Snap shot by Brian Flynn.
0:12 of 1st period - Shot Misses the Net.
0:26 of 1st period - Phil Oreskovic is hit by Nathan Paetsch and loses puck.
0:55 of 1st period - Wrist shot by Scott Kosmachuck.
0:55 of 1st period - Shot Misses the Net.
1:13 of 1st period - Wrist shot by Phil Oreskovic.
1:13 of 1st period - Shot Misses the Net.
1:15 of 1st period - Minor Penalty to Ladislav Nagy for Interference.
1:16 of 1st period - Patrice Cormier wins face-off versus Brian Flynn in Blackdemons zone.
1:27 of 1st period - Snap shot by Cam Atkinson.
1:27 of 1st period - Goal by Cam Atkinson - Little Stars : 1 - Blackdemons : 0.
1:28 of 1st period - Martin Hanzal wins face-off versus Brian Flynn in neutral zone.
1:31 of 1st period - Wrist shot by Martin Hanzal.
1:31 of 1st period - Stopped by Peter Delmas with a rebound.
1:33 of 1st period - Wrist shot by Martin Hanzal.
1:33 of 1st period - Stopped by Peter Delmas with a rebound.
1:35 of 1st period - Snap shot by Blake Pietila.
1:35 of 1st period - Stopped by Peter Delmas without a rebound.
1:36 of 1st period - Martin Hanzal wins face-off versus Brian Flynn in Little Stars zone.
1:39 of 1st period - Slapshot by Alexei Morozov.
1:39 of 1st period - Deflect By Martin Hanzal.
1:39 of 1st period - Stopped by Peter Delmas with a rebound.
1:50 of 1st period - Off-side.
1:51 of 1st period - Alexandre Grenier wins face-off versus Dana Tyrell in neutral zone.
2:16 of 1st period - Sergei Plotnikov is hit by Tucker Poolman.
2:42 of 1st period - Wrist shot by Alexei Morozov.
2:42 of 1st period - Deflect By Cam Atkinson.
2:42 of 1st period - Stopped by Peter Delmas with a rebound.
2:44 of 1st period - Slapshot by Nathan Paetsch.
2:44 of 1st period - Shot Blocked by Tyson Barrie.
2:46 of 1st period - Wrist shot by Martin Hanzal.
2:46 of 1st period - Goal by Martin Hanzal - Little Stars : 1 - Blackdemons : 1.
2:47 of 1st period - Dana Tyrell wins face-off versus Martin Hanzal in neutral zone.
3:31 of 1st period - Off-side.
3:32 of 1st period - Daniel O'regan wins face-off versus Patrice Cormier in neutral zone.
4:14 of 1st period - Off-side.
4:15 of 1st period - Martin Hanzal wins face-off versus Brian Flynn in neutral zone.
4:47 of 1st period - Off-side.
4:48 of 1st period - Patrice Cormier wins face-off versus Mathieu Perreault in neutral zone.
4:53 of 1st period - Tyson Barrie is hit by Keaton Ellerby and loses puck.
5:00 of 1st period - Wrist shot by Alexandre Grenier.
5:00 of 1st period - Deflect By Patrice Cormier.
5:00 of 1st period - Stopped by Peter Delmas with a rebound.
5:02 of 1st period - Snap shot by Roman Josi.
5:02 of 1st period - Deflect By Patrice Cormier.
5:02 of 1st period - Stopped by Peter Delmas with a rebound.
5:04 of 1st period - Slapshot by Keaton Ellerby.
5:04 of 1st period - Deflect By Alexandre Grenier.
5:04 of 1st period - Goal by Alexandre Grenier - Little Stars : 1 - Blackdemons : 2.
5:05 of 1st period - Martin Hanzal wins face-off versus Brian Flynn in neutral zone.
5:10 of 1st period - Snap shot by Martin Hanzal.
5:10 of 1st period - Stopped by Peter Delmas with a rebound.
5:16 of 1st period - Snap shot by Cam Atkinson.
5:16 of 1st period - Deflect By Shawn Matthias.
5:16 of 1st period - Shot Blocked by Alexei Morozov.
5:16 of 1st period - Puck is out of play.
5:17 of 1st period - Dana Tyrell wins face-off versus Martin Hanzal in Blackdemons zone.
5:22 of 1st period - Wrist shot by Jesse Joensuu.
5:22 of 1st period - Shot Blocked by Jeffrey Foss.
5:30 of 1st period - Slapshot by Dana Tyrell.
5:30 of 1st period - Stopped by Laurent Brossoit with a rebound.
6:51 of 1st period - Snap shot by Jesse Joensuu.
6:51 of 1st period - Stopped by Laurent Brossoit with a rebound.
6:53 of 1st period - Snap shot by Andrej Sustr.
6:53 of 1st period - Shot Blocked by Blake Pietila.
6:55 of 1st period - Snap shot by Dana Tyrell.
6:55 of 1st period - Shot Blocked by Martin Hanzal.
7:14 of 1st period - Scott Timmins is hit by Shawn Matthias and loses puck.
7:37 of 1st period - Kyle Rau is hit by Scott Kosmachuck and loses puck.
8:16 of 1st period - Wrist shot by Martin Hanzal.
8:16 of 1st period - Stopped by Peter Delmas with a rebound.
8:22 of 1st period - Slapshot by Alexei Morozov.
8:22 of 1st period - Shot Misses the Net.
8:26 of 1st period - Wrist shot by Martin Hanzal.
8:26 of 1st period - Shot Misses the Net.
9:06 of 1st period - Wrist shot by Ladislav Nagy.
9:06 of 1st period - Shot Misses the Net.
9:46 of 1st period - Wrist shot by Alexei Morozov.
9:46 of 1st period - Shot Blocked by Mathieu Perreault.
9:48 of 1st period - Snap shot by Martin Hanzal.
9:48 of 1st period - Shot Blocked by Phil Oreskovic.
10:20 of 1st period - Icing by Cam Atkinson.
10:21 of 1st period - Dana Tyrell wins face-off versus Scott Timmins in Little Stars zone.
10:34 of 1st period - Snap shot by Jesse Joensuu.
10:34 of 1st period - Shot Misses the Net.
11:13 of 1st period - Minor Penalty to Alexandre Grenier for Unsportsmanlike conduct.
11:14 of 1st period - Shawn Matthias wins face-off versus Patrice Cormier in Blackdemons zone.
13:13 of 1st period - Penalty to Alexandre Grenier is over, Alexandre Grenier is back on ice.
13:15 of 1st period - Alexandre Grenier is hit by Dana Tyrell and loses puck.
13:47 of 1st period - Daniel O'regan is hit by Alexei Morozov and loses puck.
14:08 of 1st period - Wrist shot by Zachary Sanford.
14:08 of 1st period - Shot Misses the Net.
14:10 of 1st period - Wrist shot by Max Friberg.
14:10 of 1st period - Stopped by Peter Delmas with a rebound.
14:22 of 1st period - Kyle Rau is hit by Justin Auger and loses puck.
14:42 of 1st period - Jordie Benn is hit by Martin Hanzal and loses puck.
15:39 of 1st period - Jordie Benn is hit by Sergei Plotnikov and loses puck.
16:21 of 1st period - Off-side.
16:22 of 1st period - Scott Timmins wins face-off versus Mathieu Perreault in neutral zone.
16:51 of 1st period - Snap shot by Cam Atkinson.
16:51 of 1st period - Stopped by Laurent Brossoit with a rebound.
16:55 of 1st period - Wrist shot by Shawn Matthias.
16:55 of 1st period - Stopped by Laurent Brossoit with a rebound.
17:08 of 1st period - Minor Penalty to Jesse Joensuu for Hooking.
17:09 of 1st period - Shawn Matthias wins face-off versus Patrice Cormier in Little Stars zone.
17:40 of 1st period - Slapshot by Ladislav Nagy.
17:40 of 1st period - Shot Blocked by Andrej Sustr.
18:04 of 1st period - Slapshot by Jordie Benn.
18:04 of 1st period - Shot Blocked by Keaton Ellerby.
18:06 of 1st period - Slapshot by Jordie Benn.
18:06 of 1st period - Stopped by Laurent Brossoit without a rebound.
18:07 of 1st period - Shawn Matthias wins face-off versus Patrice Cormier in Blackdemons zone.
18:20 of 1st period - Snap shot by Martin Hanzal.
18:20 of 1st period - Shot Blocked by Phil Oreskovic.
18:22 of 1st period - Slapshot by Ladislav Nagy.
18:22 of 1st period - Deflect By Phil Oreskovic.
18:22 of 1st period - Stopped by Peter Delmas with a rebound.
18:24 of 1st period - Slapshot by Keaton Ellerby.
18:24 of 1st period - Shot Misses the Net.
18:26 of 1st period - Slapshot by Roman Josi.
18:26 of 1st period - Shot Misses the Net.
19:08 of 1st period - Penalty to Jesse Joensuu is over, Jesse Joensuu is back on ice.
Goals for this period are 1 for Little Stars vs 2 for Blackdemons.
Shots for this period are 6 for Little Stars vs 13 for Blackdemons.
2nd period
0:01 of 2nd period - Brian Flynn wins face-off versus Martin Hanzal in neutral zone.
0:25 of 2nd period - Sergei Plotnikov is hit by Phil Oreskovic and loses puck.
0:36 of 2nd period - Zach Budish is hit by Nathan Paetsch and loses puck.
0:43 of 2nd period - Minor Penalty to Jordie Benn for Interference.
0:44 of 2nd period - Cam Atkinson wins face-off versus Martin Hanzal in Little Stars zone.
0:54 of 2nd period - Icing by Keaton Ellerby.
0:55 of 2nd period - Shawn Matthias wins face-off versus Martin Hanzal in Blackdemons zone.
1:04 of 2nd period - Slapshot by Cam Atkinson.
1:04 of 2nd period - Stopped by Laurent Brossoit without a rebound.
1:05 of 2nd period - Patrice Cormier wins face-off versus Shawn Matthias in Blackdemons zone.
1:18 of 2nd period - Slapshot by Nathan Paetsch.
1:18 of 2nd period - Goal by Nathan Paetsch - Little Stars : 1 - Blackdemons : 3.
1:19 of 2nd period - Brian Flynn wins face-off versus Martin Hanzal in neutral zone.
1:26 of 2nd period - Slapshot by Cam Atkinson.
1:26 of 2nd period - Stopped by Laurent Brossoit without a rebound.
1:27 of 2nd period - Cam Atkinson wins face-off versus Martin Hanzal in Blackdemons zone.
1:28 of 2nd period - Snap shot by Brian Flynn.
1:28 of 2nd period - Stopped by Laurent Brossoit without a rebound.
1:29 of 2nd period - Brian Flynn wins face-off versus Martin Hanzal in Blackdemons zone.
1:32 of 2nd period - Wrist shot by Brian Flynn.
1:32 of 2nd period - Shot Blocked by Nathan Paetsch.
1:40 of 2nd period - Wrist shot by Shawn Matthias.
1:40 of 2nd period - Stopped by Laurent Brossoit with a rebound.
1:42 of 2nd period - Wrist shot by Brian Flynn.
1:42 of 2nd period - Shot Blocked by Nathan Paetsch.
1:44 of 2nd period - Wrist shot by Shawn Matthias.
1:44 of 2nd period - Goal by Shawn Matthias - Little Stars : 2 - Blackdemons : 3.
1:45 of 2nd period - Martin Hanzal wins face-off versus Brian Flynn in neutral zone.
1:52 of 2nd period - Wrist shot by Alexei Morozov.
1:52 of 2nd period - Shot Blocked by Andrej Sustr.
2:10 of 2nd period - Jesse Joensuu is hit by Sergei Plotnikov and loses puck.
2:19 of 2nd period - Snap shot by Jesse Joensuu.
2:19 of 2nd period - Shot Misses the Net.
2:33 of 2nd period - Slapshot by Max Friberg.
2:33 of 2nd period - Goal by Max Friberg - Little Stars : 2 - Blackdemons : 4.
2:33 of 2nd period - Anthony Stolarz enters game.
2:34 of 2nd period - Martin Hanzal wins face-off versus Shawn Matthias in neutral zone.
3:04 of 2nd period - Alexandre Grenier is hit by Jesse Joensuu and loses puck.
3:23 of 2nd period - Jordie Benn is hit by Yannick Weber and loses puck.
3:44 of 2nd period - Snap shot by Zachary Sanford.
3:44 of 2nd period - Shot Blocked by Tyler Wotherspoon.
3:46 of 2nd period - Wrist shot by Max Friberg.
3:46 of 2nd period - Stopped by Anthony Stolarz with a rebound.
3:48 of 2nd period - Wrist shot by Max Friberg.
3:48 of 2nd period - Stopped by Anthony Stolarz with a rebound.
3:50 of 2nd period - Slapshot by Roman Josi.
3:50 of 2nd period - Shot Misses the Net.
3:52 of 2nd period - Slapshot by Roman Josi.
3:52 of 2nd period - Shot Misses the Net.
3:54 of 2nd period - Slapshot by Keaton Ellerby.
3:54 of 2nd period - Stopped by Anthony Stolarz with a rebound.
3:56 of 2nd period - Slapshot by Roman Josi.
3:56 of 2nd period - Stopped by Anthony Stolarz with a rebound.
4:17 of 2nd period - Off-side.
4:18 of 2nd period - Jesse Joensuu wins face-off versus Patrice Cormier in neutral zone.
4:49 of 2nd period - Icing by Mathew Dumba.
4:50 of 2nd period - Martin Hanzal wins face-off versus Brian Flynn in Blackdemons zone.
5:51 of 2nd period - Snap shot by Martin Hanzal.
5:51 of 2nd period - Stopped by Anthony Stolarz with a rebound.
6:15 of 2nd period - Wrist shot by Cam Atkinson.
6:15 of 2nd period - Stopped by Laurent Brossoit with a rebound.
6:17 of 2nd period - Slapshot by Shawn Matthias.
6:17 of 2nd period - Stopped by Laurent Brossoit with a rebound.
6:23 of 2nd period - Snap shot by Cam Atkinson.
6:23 of 2nd period - Stopped by Laurent Brossoit with a rebound.
6:25 of 2nd period - Wrist shot by Brian Flynn.
6:25 of 2nd period - Stopped by Laurent Brossoit with a rebound.
6:53 of 2nd period - Slapshot by Alexei Morozov.
6:53 of 2nd period - Shot Blocked by Brian Flynn.
7:07 of 2nd period - Jordie Benn is hit by Blake Pietila and loses puck.
7:36 of 2nd period - Snap shot by Cam Atkinson.
7:36 of 2nd period - Shot Blocked by Nathan Paetsch.
7:56 of 2nd period - Slapshot by Cam Atkinson.
7:56 of 2nd period - Goal by Cam Atkinson - Little Stars : 3 - Blackdemons : 4.
7:57 of 2nd period - Patrice Cormier wins face-off versus Dana Tyrell in neutral zone.
8:00 of 2nd period - Dana Tyrell is hit by Sergei Plotnikov.
8:06 of 2nd period - Wrist shot by Alexandre Grenier.
8:06 of 2nd period - Stopped by Anthony Stolarz without a rebound.
8:07 of 2nd period - Dana Tyrell wins face-off versus Patrice Cormier in Little Stars zone.
8:30 of 2nd period - Snap shot by Patrice Cormier.
8:30 of 2nd period - Deflect By Alexandre Grenier.
8:30 of 2nd period - Shot Blocked by Zach Budish.
8:30 of 2nd period - Puck is out of play.
8:31 of 2nd period - Mathieu Perreault wins face-off versus Scott Timmins in Little Stars zone.
8:35 of 2nd period - Off-side.
8:36 of 2nd period - Scott Timmins wins face-off versus Mathieu Perreault in neutral zone.
9:04 of 2nd period - Snap shot by Patrice Cormier.
9:04 of 2nd period - Stopped by Anthony Stolarz without a rebound.
9:05 of 2nd period - Patrice Cormier wins face-off versus Dana Tyrell in Little Stars zone.
9:18 of 2nd period - Wrist shot by Dana Tyrell.
9:18 of 2nd period - Shot Misses the Net.
9:24 of 2nd period - Slapshot by Jesse Joensuu.
9:24 of 2nd period - Shot Misses the Net.
9:26 of 2nd period - Wrist shot by Jesse Joensuu.
9:26 of 2nd period - Stopped by Laurent Brossoit with a rebound.
9:30 of 2nd period - Backhand shot by Dana Tyrell.
9:30 of 2nd period - Shot Misses the Net.
9:32 of 2nd period - Slapshot by Jesse Joensuu.
9:32 of 2nd period - Shot Blocked by Keaton Ellerby.
9:34 of 2nd period - Snap shot by Zach Budish.
9:34 of 2nd period - Shot Hit the Post.
9:36 of 2nd period - Snap shot by Dana Tyrell.
9:36 of 2nd period - Shot Misses the Net.
9:46 of 2nd period - Wrist shot by Jesse Joensuu.
9:46 of 2nd period - Stopped by Laurent Brossoit without a rebound.
9:47 of 2nd period - Daniel O'regan wins face-off versus Kyle Rau in Blackdemons zone.
10:35 of 2nd period - Patrice Cormier is hit by Andrej Sustr.
10:44 of 2nd period - Off-side.
10:45 of 2nd period - Kyle Rau wins face-off versus Daniel O'regan in neutral zone.
11:35 of 2nd period - Snap shot by Alexei Morozov.
11:35 of 2nd period - Shot Misses the Net.
11:37 of 2nd period - Snap shot by Roman Josi.
11:37 of 2nd period - Shot Misses the Net.
11:39 of 2nd period - Wrist shot by Roman Josi.
11:39 of 2nd period - Stopped by Anthony Stolarz with a rebound.
12:39 of 2nd period - Wrist shot by Ladislav Nagy.
12:39 of 2nd period - Stopped by Anthony Stolarz without a rebound.
12:40 of 2nd period - Martin Hanzal wins face-off versus Dana Tyrell in Little Stars zone.
12:51 of 2nd period - Slapshot by Jesse Joensuu.
12:51 of 2nd period - Stopped by Laurent Brossoit without a rebound.
12:52 of 2nd period - Patrice Cormier wins face-off versus Brian Flynn in Blackdemons zone.
13:18 of 2nd period - Brett Kulak is hit by Jesse Joensuu and loses puck.
13:25 of 2nd period - Wrist shot by Yannick Weber.
13:25 of 2nd period - Shot Misses the Net.
13:51 of 2nd period - Off-side.
13:52 of 2nd period - Brian Flynn wins face-off versus Kyle Rau in neutral zone.
13:55 of 2nd period - Wrist shot by Shawn Matthias.
13:55 of 2nd period - Shot Blocked by Ladislav Nagy.
13:57 of 2nd period - Snap shot by Tyler Wotherspoon.
13:57 of 2nd period - Shot Misses the Net.
13:59 of 2nd period - Snap shot by Tyler Wotherspoon.
13:59 of 2nd period - Stopped by Laurent Brossoit with a rebound.
14:01 of 2nd period - Snap shot by Cam Atkinson.
14:01 of 2nd period - Shot Blocked by Brett Kulak.
14:17 of 2nd period - Jesse Joensuu is hit by Brett Kulak and loses puck.
14:56 of 2nd period - Slapshot by Phil Oreskovic.
14:56 of 2nd period - Stopped by Laurent Brossoit with a rebound.
15:13 of 2nd period - Wrist shot by Cam Atkinson.
15:13 of 2nd period - Deflect By Shawn Matthias.
15:13 of 2nd period - Shot Misses the Net.
15:13 of 2nd period - Puck is out of play.
15:14 of 2nd period - Kyle Rau wins face-off versus Brian Flynn in Blackdemons zone.
15:14 of 2nd period - Kyle Rau is hit by Cam Atkinson.
15:20 of 2nd period - Wrist shot by Ladislav Nagy.
15:20 of 2nd period - Stopped by Anthony Stolarz with a rebound.
15:30 of 2nd period - Wrist shot by Kyle Rau.
15:30 of 2nd period - Stopped by Anthony Stolarz with a rebound.
15:50 of 2nd period - Wrist shot by Jesse Joensuu.
15:50 of 2nd period - Shot Misses the Net.
16:58 of 2nd period - Wrist shot by Patrice Cormier.
16:58 of 2nd period - Stopped by Anthony Stolarz without a rebound.
16:59 of 2nd period - Dana Tyrell wins face-off versus Patrice Cormier in Little Stars zone.
17:14 of 2nd period - Snap shot by Dana Tyrell.
17:14 of 2nd period - Shot Misses the Net.
17:28 of 2nd period - Wrist shot by Brian Flynn.
17:28 of 2nd period - Stopped by Laurent Brossoit without a rebound.
17:29 of 2nd period - Martin Hanzal wins face-off versus Brian Flynn in Blackdemons zone.
17:38 of 2nd period - Brian Flynn is hit by Alexei Morozov and loses puck.
17:53 of 2nd period - Jesse Joensuu is hit by Martin Hanzal and loses puck.
18:02 of 2nd period - Backhand shot by Martin Hanzal.
18:02 of 2nd period - Shot Blocked by Tyler Wotherspoon.
18:10 of 2nd period - Slapshot by Martin Hanzal.
18:10 of 2nd period - Stopped by Anthony Stolarz with a rebound.
18:12 of 2nd period - Snap shot by Martin Hanzal.
18:12 of 2nd period - Shot Misses the Net.
18:14 of 2nd period - Slapshot by Roman Josi.
18:14 of 2nd period - Stopped by Anthony Stolarz with a rebound.
18:16 of 2nd period - Slapshot by Martin Hanzal.
18:16 of 2nd period - Shot Blocked by Tyler Wotherspoon.
18:18 of 2nd period - Wrist shot by Alexei Morozov.
18:18 of 2nd period - Stopped by Anthony Stolarz with a rebound.
18:20 of 2nd period - Slapshot by Mathew Dumba.
18:20 of 2nd period - Stopped by Anthony Stolarz with a rebound.
19:09 of 2nd period - Snap shot by Jesse Joensuu.
19:09 of 2nd period - Stopped by Laurent Brossoit without a rebound.
19:10 of 2nd period - Brian Flynn wins face-off versus Patrice Cormier in Blackdemons zone.
19:13 of 2nd period - Snap shot by Cam Atkinson.
19:13 of 2nd period - Shot Misses the Net.
19:43 of 2nd period - Slapshot by Roman Josi.
19:43 of 2nd period - Stopped by Anthony Stolarz with a rebound.
19:59 of 2nd period - Icing by Kyle Rau.
Goals for this period are 2 for Little Stars vs 2 for Blackdemons.
Shots for this period are 17 for Little Stars vs 19 for Blackdemons.
3rd period
0:01 of 3rd period - Brian Flynn wins face-off versus Patrice Cormier in neutral zone.
0:52 of 3rd period - Jordie Benn is hit by Yannick Weber and loses puck.
2:09 of 3rd period - Minor Penalty to Zach Budish for Tripping.
2:10 of 3rd period - Shawn Matthias wins face-off versus Patrice Cormier in Little Stars zone.
2:15 of 3rd period - Alexei Morozov is hit by Cam Atkinson and loses puck.
2:22 of 3rd period - Wrist shot by Shawn Matthias.
2:22 of 3rd period - Shot Misses the Net.
2:50 of 3rd period - Andrej Sustr is hit by Martin Hanzal and loses puck.
3:06 of 3rd period - Off-side.
3:07 of 3rd period - Mathieu Perreault wins face-off versus Alexei Morozov in neutral zone.
3:53 of 3rd period - Brian Flynn is hit by Martin Hanzal and loses puck.
4:09 of 3rd period - Penalty to Zach Budish is over, Zach Budish is back on ice.
4:20 of 3rd period - Snap shot by Zachary Sanford.
4:20 of 3rd period - Deflect By Scott Timmins.
4:20 of 3rd period - Goal by Scott Timmins - Little Stars : 3 - Blackdemons : 5.
4:21 of 3rd period - Dana Tyrell wins face-off versus Patrice Cormier in neutral zone.
4:37 of 3rd period - Minor Penalty to Zach Budish for Goalie Interference.
4:38 of 3rd period - Shawn Matthias wins face-off versus Martin Hanzal in Little Stars zone.
6:26 of 3rd period - Keaton Ellerby is hit by Shawn Matthias and loses puck.
6:37 of 3rd period - Penalty to Zach Budish is over, Zach Budish is back on ice.
6:47 of 3rd period - Slapshot by Max Friberg.
6:47 of 3rd period - Shot Blocked by Dana Tyrell.
6:49 of 3rd period - Slapshot by Keaton Ellerby.
6:49 of 3rd period - Stopped by Anthony Stolarz without a rebound.
6:50 of 3rd period - Scott Timmins wins face-off versus Mathieu Perreault in Little Stars zone.
6:56 of 3rd period - Icing by Tucker Poolman.
6:57 of 3rd period - Mathieu Perreault wins face-off versus Scott Timmins in Little Stars zone.
7:04 of 3rd period - Wrist shot by Mathieu Perreault.
7:04 of 3rd period - Deflect By Scott Kosmachuck.
7:04 of 3rd period - Stopped by Laurent Brossoit without a rebound.
7:05 of 3rd period - Brian Flynn wins face-off versus Scott Timmins in Blackdemons zone.
7:32 of 3rd period - Dana Tyrell is hit by Nathan Paetsch.
7:50 of 3rd period - Sergei Plotnikov is hit by Jordie Benn and loses puck.
7:55 of 3rd period - Wrist shot by Daniel O'regan.
7:55 of 3rd period - Stopped by Laurent Brossoit without a rebound.
7:56 of 3rd period - Daniel O'regan wins face-off versus Martin Hanzal in Blackdemons zone.
7:59 of 3rd period - Snap shot by Justin Auger.
7:59 of 3rd period - Stopped by Laurent Brossoit with a rebound.
8:28 of 3rd period - Tyler Wotherspoon is hit by Max Friberg and loses puck.
8:53 of 3rd period - Jesse Joensuu is hit by Ladislav Nagy and loses puck.
9:51 of 3rd period - Off-side.
9:52 of 3rd period - Brian Flynn wins face-off versus Scott Timmins in neutral zone.
9:57 of 3rd period - Slapshot by Brian Flynn.
9:57 of 3rd period - Shot Blocked by Jeffrey Foss.
9:59 of 3rd period - Snap shot by Brian Flynn.
9:59 of 3rd period - Deflect By Cam Atkinson.
9:59 of 3rd period - Stopped by Laurent Brossoit with a rebound.
10:01 of 3rd period - Slapshot by Andrej Sustr.
10:01 of 3rd period - Deflect By Shawn Matthias.
10:01 of 3rd period - Shot Misses the Net.
10:01 of 3rd period - Puck is out of play.
10:02 of 3rd period - Patrice Cormier wins face-off versus Brian Flynn in Blackdemons zone.
10:02 of 3rd period - Patrice Cormier is hit by Cam Atkinson.
10:24 of 3rd period - Minor Penalty to Cam Atkinson for Hooking.
10:25 of 3rd period - Shawn Matthias wins face-off versus Martin Hanzal in Little Stars zone.
12:16 of 3rd period - Tyson Barrie is hit by Martin Hanzal and loses puck.
12:24 of 3rd period - Penalty to Cam Atkinson is over, Cam Atkinson is back on ice.
12:33 of 3rd period - Minor Penalty to Tucker Poolman for Goalie Interference.
12:34 of 3rd period - Shawn Matthias wins face-off versus Martin Hanzal in Little Stars zone.
14:30 of 3rd period - Wrist shot by Alexandre Grenier.
14:30 of 3rd period - Shot Misses the Net.
14:32 of 3rd period - Slapshot by Scott Timmins.
14:32 of 3rd period - Shot Blocked by Phil Oreskovic.
14:33 of 3rd period - Penalty to Tucker Poolman is over, Tucker Poolman is back on ice.
14:34 of 3rd period - Snap shot by Max Friberg.
14:34 of 3rd period - Shot Misses the Net.
14:48 of 3rd period - Phil Oreskovic is hit by Yannick Weber and loses puck.
15:03 of 3rd period - Wrist shot by Zachary Sanford.
15:03 of 3rd period - Deflect By Scott Kosmachuck.
15:03 of 3rd period - Stopped by Anthony Stolarz with a rebound.
15:05 of 3rd period - Slapshot by Mathew Dumba.
15:05 of 3rd period - Stopped by Anthony Stolarz with a rebound.
15:41 of 3rd period - Sergei Plotnikov is hit by Zach Budish.
16:06 of 3rd period - Icing by Jeffrey Foss.
16:07 of 3rd period - Alexandre Grenier wins face-off versus Daniel O'regan in Blackdemons zone.
16:24 of 3rd period - Snap shot by Martin Hanzal.
16:24 of 3rd period - Stopped by Anthony Stolarz without a rebound.
16:25 of 3rd period - Martin Hanzal wins face-off versus Mathieu Perreault in Little Stars zone.
16:30 of 3rd period - Wrist shot by Martin Hanzal.
16:30 of 3rd period - Stopped by Anthony Stolarz with a rebound.
16:32 of 3rd period - Slapshot by Nathan Paetsch.
16:32 of 3rd period - Shot Misses the Net.
16:34 of 3rd period - Slapshot by Mathew Dumba.
16:34 of 3rd period - Deflect By Tyson Barrie.
16:34 of 3rd period - Stopped by Anthony Stolarz with a rebound.
16:36 of 3rd period - Snap shot by Blake Pietila.
16:36 of 3rd period - Shot Blocked by Mathieu Perreault.
18:24 of 3rd period - Snap shot by Scott Timmins.
18:24 of 3rd period - Shot Misses the Net.
18:52 of 3rd period - Snap shot by Dana Tyrell.
18:52 of 3rd period - Shot Misses the Net.
18:54 of 3rd period - Slapshot by Dana Tyrell.
18:54 of 3rd period - Shot Blocked by Yannick Weber.
19:14 of 3rd period - Wrist shot by Jesse Joensuu.
19:14 of 3rd period - Goal by Jesse Joensuu - Little Stars : 4 - Blackdemons : 5.
19:15 of 3rd period - Brian Flynn wins face-off versus Martin Hanzal in neutral zone.
19:21 of 3rd period - Little Stars, Anthony Stolarz is pulled from the net.
19:27 of 3rd period - Backhand shot by Shawn Matthias.
19:27 of 3rd period - Stopped by Laurent Brossoit with a rebound.
19:29 of 3rd period - Snap shot by Brian Flynn.
19:29 of 3rd period - Shot Blocked by Alexei Morozov.
19:31 of 3rd period - Wrist shot by Cam Atkinson.
19:31 of 3rd period - Stopped by Laurent Brossoit without a rebound.
19:32 of 3rd period - Todd McLellan call a timeout for Little Stars.
19:32 of 3rd period - Martin Hanzal wins face-off versus Brian Flynn in Blackdemons zone.
19:51 of 3rd period - Wrist shot by Brian Flynn.
19:51 of 3rd period - Stopped by Laurent Brossoit with a rebound.
19:53 of 3rd period - Wrist shot by Phil Oreskovic.
19:53 of 3rd period - Stopped by Laurent Brossoit without a rebound.
19:54 of 3rd period - Martin Hanzal wins face-off versus Brian Flynn in Blackdemons zone.
Goals for this period are 1 for Little Stars vs 1 for Blackdemons.
Shots for this period are 9 for Little Stars vs 7 for Blackdemons.
Back to the Top